 Dungeon Crawl Stone Soup version 0.30-a0-365-ge7f957f1db (webtiles) character file.

Game seed: 1193944735829461096

578 mopl the Magician (level 7, -1/41 HPs)
             Began as an Octopode Hedge Wizard on Nov 16, 2022.
             Slain by an ice beast (9 damage)
             ... on level 7 of the Dungeon.
             The game lasted 00:07:22 (3603 turns).

mopl the Magician (Octopode Hedge Wizard)           Turns: 3603, Time: 00:07:23

Health: -1/41      AC:  1    Str:  9    XL:     7   Next: 36%
Magic:  5/14       EV: 12    Int: 18    God:
Gold:   252        SH:  4    Dex: 12    Spells: 6/15 levels left

rFire   . . .      SeeInvis .    a - +2 dagger (venom)
rCold   . . .      Faith    .    o - +0 buckler
rNeg    . . .      Spirit   .    b - +0 hat
rPois   +          Reflect  .    (no amulet)
rElec   .          Harm     .    e - ring of poison resistance
rCorr   .          Rampage  .    y - ring of willpower
Will    +....                    (no ring)
Stlth   +++.......               (no ring)
HPRegen 0.26/turn                (no ring)
MPRegen 0.14/turn                (no ring)
                                 (no ring)
                                 (no ring)

@: on blink cooldown
A: almost no armour, amphibious, 8 rings, camouflage 1, gelatinous body 1,
(nimble swimmer 1), tentacles
a: no special abilities


You were on level 7 of the Dungeon.
You visited 1 branch of the dungeon, and saw 7 of its levels.

You collected 252 gold pieces.

Inventory:

Hand Weapons
 a - a +2 dagger of venom (weapon)
 A - the +6 flail "Orb Guardian's Peril" {vorpal, rPois rN+}
   (You found it on level 7 of the Dungeon)

   It inflicts extra damage upon your enemies.
   rPois:     It protects you from poison.
   rN:        It protects you from negative energy.
Armour
 b - a +0 hat (worn)
 o - a +0 buckler (worn)
Magical Staves
 g - a staff of fire
Jewellery
 e - a ring of poison resistance (left tentacle)
 y - a ring of willpower (right tentacle)
Scrolls
 f - 4 scrolls of amnesia {unknown}
 h - a scroll of blinking {unknown}
 i - 2 scrolls of teleportation {unknown}
 r - 5 scrolls of silence {!r}
 s - 2 scrolls of identify {unknown}
 t - a scroll of acquirement {unknown}
 u - a scroll of immolation {unknown}
 v - 2 scrolls of poison {unknown}
 x - 2 scrolls of magic mapping {unknown}
Potions
 c - a potion of magic
 d - 2 potions of curing
 j - 4 potions of degeneration {unknown}
 k - 3 potions of lignification {unknown}
 l - 2 potions of ambrosia {unknown}
 m - a potion of might {unknown}
 n - 3 potions of heal wounds {unknown}
 p - a potion of flight {unknown}
 q - a potion of haste {unknown}
 w - a potion of mutation {unknown}
 z - a potion of brilliance {unknown}


   Skills:
 - Level 2.0 Dodging
 - Level 2.6 Stealth
 + Level 1.8 Shields
 * Level 4.7 Spellcasting
 * Level 3.8 Conjurations
 + Level 1.6 Hexes
 - Level 1.0 Summonings
 + Level 2.8 Translocations
 + Level 2.0 Poison Magic
 + Level 2.3 Evocations


You had 6 spell levels left.
You knew the following spells:

 Your Spells              Type           Power      Damage    Failure   Level
a - Magic Dart            Conj           72%        1d6       3%          1
b - Dazzling Flash        Conj/Hex       28%        N/A       17%         3
c - Mephitic Cloud        Conj/Pois/Air  11%        N/A       24%         3
e - Blink                 Tloc           28%        N/A       9%          2

Your spell library contained the following spells:

 Spells                   Type           Power      Damage    Failure   Level
 Slow                     Hex            40%        N/A       9%          1
 Call Imp                 Summ           7%         N/A       19%         2
 Cigotuvi's Dreadful Rot  Necr/Pois/Air  12%        N/A       21%         2
 Inner Flame              Hex/Fire       7%         N/A       36%         3
 Iskenderun's Mystic Bla  Conj/Tloc      16%        2d5       41%         4
 Cause Fear               Hex            5%         N/A       65%         4
 Starburst                Conj/Fire      5%         6d4       100%        6
 Discord                  Hex            5%         N/A       100%        8


Dungeon Overview and Level Annotations

Branches:
Dungeon (8/15)
 Temple: D:4-7         Lair: D:8-11

Altars:
Nemelex Xobeh


Innate Abilities, Weirdness & Mutations

You cannot wear most types of armour.
You are amphibious.
You can wear up to eight rings at the same time.
Your skin changes colour to match your surroundings (Stealth+).
Your rubbery body absorbs attacks. (AC +1, EV +1)
((You are camouflaged when in or above water. (Stealth+)))
You have tentacles for arms and can constrict up to eight enemies at once.


Message History

The ice beast hits you. The ice beast freezes you!
You hit the ice beast but do no damage.
The ice beast is poisoned.
You tentacle-slap the ice beast, but do no damage.
The ice beast is heavily wounded.
The ice beast hits you. The ice beast freezes you.
You are too injured to fight recklessly!
You are too injured to fight recklessly!
You are too injured to fight recklessly!
Casting: Magic Dart (safe; 3% risk of failure)
Confirm with . or Enter, or press ? or * to list all spells.
You blink.
Casting: Blink (safe; 9% risk of failure)
Confirm with . or Enter, or press ? or * to list all spells.
Okay, then.
Casting: Blink (safe; 9% risk of failure)
Confirm with . or Enter, or press ? or * to list all spells.
Aiming: Magic Dart (safe; 3% risk of failure)
Press: ? - help, Shift-Dir - straight line, f/p - ice beast
Aim: an ice beast (heavily wounded, very poisoned, 100% to hit)
The magic dart hits the ice beast.
The ice beast is severely wounded.
Unknown command.
Casting: Magic Dart (safe; 3% risk of failure)
Confirm with . or Enter, or press ? or * to list all spells.
Aiming: Magic Dart (safe; 3% risk of failure)
Press: ? - help, Shift-Dir - straight line, f/p - ice beast
Aim: an ice beast (severely wounded, very poisoned, 100% to hit)
The magic dart hits the ice beast.
The ice beast is severely wounded.
Unknown command.
You are too injured to fight recklessly!
You barely miss the ice beast.
You squeeze the ice beast, but do no damage.
The ice beast is severely wounded.
The ice beast hits you. The ice beast freezes you!
* * * LOW HITPOINT WARNING * * *
The ice beast attacks as you move away! The ice beast hits you.
* * * LOW HITPOINT WARNING * * *
The ice beast freezes you!
You die...

##.........#
#.#
##.########
#.# #.# #.#
#.# #.# ##'#
#.####
##...##
#....#
##.....## #
#....#
##[....Y.##
##.##...#
#......@..#
##)..##.####
+.........+
............
#.$.....!.#
.#..(##.####
##.......##
##. #.#
##.....##
#####.#
##...## #
#.....# ##+#
#.##.###.#
#........#
####.#####


You could see an ice beast (very poisoned).

Vanquished Creatures
  Sigmund (D:4)
  An orc warrior (D:4)
  A hound (D:5)
  A jelly (D:5)
  2 orc priests (D:4)
  An orc wizard (D:4)
  A gnoll (D:2)
  5 adders
  A shadow imp (D:4)
  2 dart slugs (D:1)
  10 orcs
  12 ball pythons
  4 bats
  8 endoplasms
  2 giant cockroaches
  11 goblins
  7 hobgoblins
  16 jackals
  6 kobolds
  4 quokkas
  6 frilled lizards
  6 rats
108 creatures vanquished.

Notes
Turn   | Place    | Note
-------+----------+-------------------------------------------
     0 | D:1      | mopl the Octopode Hedge Wizard began the quest for the Orb.
     0 | D:1      | Reached XP level 1. HP: 11/11 MP: 4/4
    62 | D:1      | Reached XP level 2. HP: 12/17 MP: 6/6
   191 | D:1      | Learned a level 2 spell: Blink
   263 | D:1      | Reached XP level 3. HP: 4/21 MP: 7/7
   459 | D:1      | Reached skill level 2 in Conjurations
  1009 | D:2      | Reached XP level 4. HP: 20/27 MP: 9/9
  1085 | D:2      | Reached skill level 1 in Evocations
  1669 | D:3      | Reached skill level 2 in Translocations
  1676 | D:3      | Reached XP level 5. HP: 9/31 MP: 10/10
  1797 | D:3      | Learned a level 3 spell: Dazzling Flash
  1801 | D:3      | Learned a level 3 spell: Mephitic Cloud
  1826 | D:3      | Found a sparkling altar of Nemelex Xobeh.
  1993 | D:3      | Reached skill level 4 in Spellcasting
  2550 | D:4      | Noticed Sigmund
  2838 | D:4      | Killed Sigmund
  2839 | D:4      | Reached skill level 1 in Shields
  2839 | D:4      | Reached skill level 3 in Conjurations
  2839 | D:4      | Reached skill level 1 in Hexes
  2839 | D:4      | Reached skill level 1 in Poison Magic
  2839 | D:4      | Reached XP level 6. HP: 36/36 MP: 3/12
  3054 | D:4      | Noticed an orc warrior
  3059 | D:4      | Reached skill level 2 in Evocations
  3073 | D:4      | Killed an orc warrior
  3074 | D:4      | Reached XP level 7. HP: 20/41 MP: 5/13
  3435 | D:5      | Entered Level 5 of the Dungeon
  3496 | D:5      | Reached skill level 2 in Poison Magic
  3513 | D:5      | You fall into a shaft and drop 3 floors!
  3547 | D:7      | Identified the +6 flail "Orb Guardian's Peril" {vorpal,
                  | rPois rN+}
  3603 | D:7      | Slain by an ice beast

Illustrated notes

Levels and vault maps discovered:
D:1:      dpeg_arrival_simpleton_c, layout_rooms
D:2:      layout_rooms, cheibrodos_gnoll_hut
D:3:      layout_basic, amcnicky_altar_gilded, kennysheep_donut
D:4:      layout_loops_ring, uniq_sigmund
D:5:      layout_basic, minmay_a_box_with_orc_wizards_in_it, uniq_edmund,
          uniq_grinder, uniq_menkaure
D:7:      layout_loops_corners, mainiacjoe_overflow_catwalk_spiral, uniq_joseph,
          uniq_prince_ribbit1
D:8:      minmay_the_grid_triangle_9x9_rhombus_full
          [minmay_the_grid_triangle_9x9_impossible_snake,
          minmay_the_grid_triangle_9x9_limited_checkers,
          minmay_the_grid_triangle_9x9_windchime,
          minmay_the_grid_triangle_9x9_fully_insulated_deathbox,
          minmay_the_grid_triangle_9x9_empty,
          minmay_the_grid_triangle_9x9_empty,
          minmay_the_grid_triangle_9x9_warning,
          minmay_the_grid_triangle_9x9_prize_center], layout_cave_pools,
          lemuel_blue_sif_altar

Skill      XL: |  1  2  3  4  5  6  7 |
---------------+----------------------+-----
Conjurations   | 2 3 |  3.8
Evocations     | 1 2 |  2.3
Translocations | 2 |  2.8
Spellcasting   | 4 |  4.7
Shields        | 1 |  1.8
Hexes          | 1 |  1.6
Poison Magic   | 1 2 |  2.0
Dodging        | |  2.0
Stealth        | |  2.6
Summonings     | |  1.0

Action                   |  1- 3 |  4- 6 |  7- 9 || total
-------------------------+-------+-------+-------++-------
Melee: Dagger            |   110 |   130 |    15 ||   255
       Constrict         |    27 |    26 |     3 ||    56
       Tentacles         |    20 |    22 |     3 ||    45
       Punch             |       |     1 |     1 ||     2
 Cast: Magic Dart        |     7 |       |    14 ||    21
       Blink             |     3 |       |     1 ||     4
       Mephitic Cloud    |       |     2 |       ||     2
  Use: Scroll            |       |     1 |       ||     1
 Stab: Sleeping          |    11 |    18 |     1 ||    30
       Confused          |       |     4 |       ||     4
Armor: Skin              |    12 |     6 |     1 ||    19
Dodge: Dodged            |    83 |    56 |     2 ||   141
Block: Buckler           |       |     8 |     2 ||    10

Table legend: (Time is in decaauts)
 A = Elapsed time spent in this place.
 B = Non-inter-level travel time spent in this place.
 C = Inter-level travel time spent in this place.
 D = Time resting spent in this place.
 E = Time spent auto-exploring this place.
 F = Levels seen in this place.
 G = Mean time per level.
                   A        B        C        D        E       F      G
               +--------+--------+--------+--------+--------+-----+--------+
         Total |   3605 |   3454 |    151 |    648 |   1973 |   7 |  515.0 |
       Dungeon |   3605 |   3454 |    151 |    648 |   1973 |   7 |  515.0 |
               +--------+--------+--------+--------+--------+-----+--------+

Top non-repeatable levels by time:
     D:3: 992 daAuts
     D:4: 914 daAuts
     D:1: 789 daAuts
     D:2: 764 daAuts
     D:7: 72 daAuts
     D:5: 55 daAuts
     D:8: 17 daAuts
